 Dungeon Crawl Stone Soup version 0.29-a0-483-g69413ace17 (webtiles) character file.

Game seed: 13801183448253197608

20 richardnixon the Charlatan (level 2, -1/28 HPs)
             Began as a Mayflytaur Artificer on Apr 2, 2022.
             Slain by a worm (7 damage)
             ... on level 2 of the Dungeon on May 25, 2022.
             The game lasted 00:05:09 (454 turns).

richardnixon the Charlatan (Mayflytaur Artificer)    Turns: 454, Time: 00:05:10

Health: -1/28      AC:  5    Str: 13    XL:     2   Next: 79%
Magic:  3/3        EV: 10    Int: 12    God:
Gold:   47         SH:  0    Dex: 14    Spells: 1/1 levels left

rFire   . . .      SeeInvis .   i - +0 dagger
rCold   . . .      Faith    .   (no shield)
rNeg    . . .      Spirit   .   k - +0 ring mail
rPois   .          Reflect  .   (no helmet)
rElec   .          Harm     .   (no cloak)
rCorr   .          Rampage  .   (no gloves)
Will    .....                   (no boots)
Stlth   +.........              (no amulet)
HPRegen 0.09/turn               (no ring)
MPRegen 0.08/turn               (no ring)

@: flying, bezotted
A: damage resistance, big wings, sense surroundings 1, short lifespan
a: no special abilities


You were on level 2 of the Dungeon.
You visited 1 branch of the dungeon, and saw 2 of its levels.

You collected 47 gold pieces.

Inventory:

Hand Weapons
 i - a +0 dagger (weapon)
Missiles
 f - 14 stones
Armour
 k - a +0 ring mail (worn)
Wands
 c - a wand of flame (15) (quivered)
 d - a wand of charming (14)
 e - a wand of iceblast (9)
Scrolls
 g - a scroll of immolation {unknown}
 h - a scroll of identify {unknown}
Potions
 b - a potion of cancellation {unknown}
 j - 2 potions of curing {unknown}


   Skills:
 + Level 3.0 Fighting
 - Level 2.1 Armour
 - Level 1.1 Dodging
 - Level 1.2 Stealth
 - Level 3.2 Evocations


You had one spell level left.
You didn't know any spells.
Your spell library was empty.

Dungeon Overview and Level Annotations

Branches:
Dungeon (2/15)

Altars:


Innate Abilities, Weirdness & Mutations

You are resistant to damage.
Your large and strong wings let you fly.
You passively map a small area around you.
You are easily found by Zot.


Message History

You take 7 damage, and have 9/27 hp.
MASSIVE DAMAGE!!
You barely miss the worm. The rat barely misses you. The worm bites you.
* * * LOW HITPOINT WARNING * * *
You take 1 damage, and have 8/27 hp.
You see here a scroll labelled IFIHAY TUSU.
The rat attacks as you move away! The rat bites you but does no damage.
You hit the rat but do no damage. The rat barely misses you.
You hit the rat but do no damage. The rat barely misses you.
The rat bites you but does no damage.
You barely miss the rat. The rat barely misses you.
You barely miss the rat. The rat bites you but does no damage.
You hit the rat but do no damage. The rat bites you but does no damage.
You barely miss the rat. The rat bites you but does no damage.
You barely miss the rat. The rat bites you but does no damage.
You hit the rat.
You kill the rat!
Your Fighting skill increases to level 3!
You hit the worm but do no damage.
Aim: a worm (lightly wounded, chance to affect: 66%)
The worm is charmed.
Really attack your worm?
You hit your worm.
The worm is no longer charmed.
The worm barely misses you.
Unknown command.
You hit the worm. The worm barely misses you.
You hit the worm. You hit the worm. The worm bites you.
You barely miss the worm. You hit the worm. The worm bites you.
You barely miss the worm. The worm bites you.
* * * LOW HITPOINT WARNING * * *
You take 5 damage, and have 5/28 hp.
Unknown command.
You hit the worm. You hit the worm but do no damage.
The worm barely misses you.
You barely miss the worm. You hit the worm but do no damage.
The worm bites you!
You die...

,
###..........#.#######
.........?<((.........
* , ,
#..........#.####...
*#..!.......#.####...
, , ,
#................... ,
, #.?..............###
* , ###†#............#
#w#............# *
#@#####........#
........# #.........#
* .########
#.........# ,, *, ,
#.######### , * ,* #.*
** * * ,. * ##* , ,
,,, , , * * * ,,


You could see a worm.

Vanquished Creatures
  A worm (D:2)
  4 bats
  An endoplasm (D:1)
  A hobgoblin (D:2)
  2 jackals (D:1)
  A quokka (D:2)
  2 ball pythons
  A frilled lizard (D:1)
  4 rats (D:2)
17 creatures vanquished.

Notes
Turn   | Place    | Note
-------+----------+-------------------------------------------
     0 | D:1      | richardnixon the Mayflytaur Artificer began the quest for
                  | the Orb.
     0 | D:1      | Reached XP level 1. HP: 18/18 MP: 2/2
     0 | D:1      | Upgraded the game from 0.29-a0-319-gad05b8d819 to
                  | 0.29-a0-477-g62b78b4225
     0 | D:1      | Upgraded the game from 0.29-a0-477-g62b78b4225 to
                  | 0.29-a0-483-g69413ace17
    98 | D:1      | Glimpsed the power of Zot.
   100 | D:1      | Reached XP level 2. HP: 22/26 MP: 3/3
   198 | D:2      | Glimpsed the power of Zot.
   454 | D:2      | Slain by a worm

Illustrated notes

Levels and vault maps discovered:
D:1:      dpeg_arrival_arbitrary_b, layout_loops_ring,
          hellmonk_ecumenical_altar_zigzags
D:2:      layout_basic, minmay_pentomino_v2

Skill      XL: |  1  2 |
---------------+-------+-----
Fighting       | 2 3 |  3.0
Armour         | |  2.1
Dodging        | |  1.1
Stealth        | |  1.2
Evocations     | |  3.2

Action                   || total
-------------------------++-------
Melee: Dagger            ||   133
       Club              ||     7
       Punch             ||     1
Throw: Dart              ||     6
Evoke: Wand              ||     1
Armor: Leather armour    ||    19
       Ring mail         ||    23
Dodge: Dodged            ||    91

Table legend: (Time is in decaauts)
 A = Elapsed time spent in this place.
 B = Non-inter-level travel time spent in this place.
 C = Inter-level travel time spent in this place.
 D = Time resting spent in this place.
 E = Time spent auto-exploring this place.
 F = Levels seen in this place.
 G = Mean time per level.
                   A        B        C        D        E       F      G
               +--------+--------+--------+--------+--------+-----+--------+
         Total |    455 |    455 |      0 |      0 |      0 |   2 |  227.5 |
       Dungeon |    455 |    455 |      0 |      0 |      0 |   2 |  227.5 |
               +--------+--------+--------+--------+--------+-----+--------+

Top non-repeatable levels by time:
     D:2: 303 daAuts
     D:1: 151 daAuts
